 Dungeon Crawl Stone Soup version 0.22-a0-565-gfc6459a524 (webtiles) character file.

53 PikkenKukken the Skirmisher (level 3, -2/30 HPs)
             Began as a Merfolk Fighter on June 29, 2018.
             Was an Initiate of the Shining One.
             Slain by Terence
             ... wielding a +2 falchion of electrocution
              (18 damage)
             ... on level 2 of the Dungeon.
             The game lasted 00:02:48 (1058 turns).

PikkenKukken the Skirmisher (Merfolk Fighter)       Turns: 1058, Time: 00:02:49

Health: -2/30      AC:  7    Str: 16    XL:     3   Next: 87%
Magic:  3/3        EV:  7    Int:  7    God:    the Shining One [......]
Gold:   105        SH:  9    Dex: 14    Spells: 2/2 levels left

rFire    . . .     SeeInvis .   a - +0 trident
rCold    . . .     Gourm    .   c - +0 shield
rNeg     . . .     Faith    .   b - +0 scale mail
rPois    .         Spirit   .   (no helmet)
rElec    .         Reflect  .   (no cloak)
rCorr    .         Harm     .   j - +0 pair of gloves
MR       .....                  (no boots)
Stlth    ..........             (no amulet)
HPRegen  0.10/turn              (no ring)
MPRegen  0.08/turn              (no ring)

@: glowing
A: change form in water, swift swim, stealthy swim
a: Renounce Religion


You were on level 2 of the Dungeon.
You worshipped the Shining One.
The Shining One was noncommittal.
You were not hungry.

You visited 1 branch of the dungeon, and saw 2 of its levels.

You collected 105 gold pieces.

Inventory:

Hand Weapons
 a - a +0 trident (weapon)
Missiles
 h - 40 bolts
Armour
 b - a +0 scale mail (worn)
 c - a +0 shield (worn)
 g - a cursed +0 ring mail
 j - a +0 pair of gloves (worn)
Jewellery
 i - an uncursed ring of protection from magic {unknown}
 l - a +2 amulet of reflection {unknown}
 o - an uncursed amulet of the gourmand {unknown}
Scrolls
 p - a scroll of teleportation
Potions
 d - 2 potions of might
 e - 3 potions of curing
 k - a potion of agility {unknown}
 m - 2 potions of flight {unknown}
 n - a potion of berserk rage {unknown}
Comestibles
 f - 2 rations


   Skills:
 + Level 3.7 Fighting
 + Level 3.7 Polearms
 + Level 2.4 Armour
 + Level 1.7 Dodging
 + Level 3.4 Shields


You had 2 spell levels left.
You didn't know any spells.
Your spell library was empty.

Dungeon Overview and Level Annotations

Branches:
Dungeon (2/15)

Altars:
Gozag
Hepliaklqana
The Shining One

Annotations:
D:2 Terence


Message History

You hit Terence.
Terence is severely wounded.
You block Terence's attack.
You barely miss Terence.
Terence is severely wounded.
Terence barely misses you.
You closely miss Terence.
Terence is severely wounded.
You block Terence's attack.
You hit Terence but do no damage.
Terence is severely wounded.
Terence barely misses you.
You hit Terence but do no damage.
Terence is severely wounded.
Terence hits you with a falchion of electrocution. x2
You hit Terence.
Terence is severely wounded.
Terence hits you but does no damage.
You are electrocuted!
Ouch! That really hurt!
You die...

### #.. ####### #.# #.....#
#@# # #####...).######@##....
....'...................
#####........#.#.#########
#......#.#.#.###.#...
#......#.#.#...#<#.##.#
##########.#.....#.#......#
..... #.###.#.#.....#..#
########.#.......#...........
#.............#.#..#......


You could see Terence.

Vanquished Creatures
  An adder (D:2)
  A dart slug (D:1)
  A leopard gecko (D:1)
  2 giant cockroaches (D:1)
  A goblin (D:2)
  3 hobgoblins (D:1)
  7 jackals (D:1)
  7 kobolds (D:1)
  A ball python (D:1)
  7 bats
  2 frilled lizards (D:1)
  5 rats (D:1)
38 creatures vanquished.

Notes
Turn   | Place    | Note
-------+----------+-------------------------------------------
     0 | D:1      | PikkenKukken the Merfolk Fighter began the quest for the Orb.
     0 | D:1      | Reached XP level 1. HP: 18/18 MP: 1/1
    18 | D:1      | Reached XP level 2. HP: 21/24 MP: 2/2
    38 | D:1      | Reached skill level 1 in Dodging
   268 | D:1      | Reached XP level 3. HP: 19/29 MP: 3/3
   832 | D:2      | Found a hazy altar of Hepliaklqana.
   832 | D:2      | Found an opulent altar of Gozag.
   838 | D:2      | Found a faded altar of an unknown god.
   846 | D:2      | Found a glowing golden altar of the Shining One.
   847 | D:2      | Found a faded altar of an unknown god.
   851 | D:2      | Became a worshipper of the Shining One
  1045 | D:2      | Noticed Terence
  1058 | D:2      | Slain by Terence

Vault maps used:
D:1:      onia_arrival_mini_spirals, minmay_shallow_snake_nest
D:2:      chequers_temple_overflow_minitemple, uniq_jessica, uniq_terence

Skill      XL: |  1  2 |
---------------+-------+-----
Dodging        | 1 |  1.7
Fighting       | |  3.7
Polearms       | |  3.7
Armour         | |  2.4
Shields        | |  3.4

Action                   || total
-------------------------++-------
Melee: Trident           ||   148
  Use: Scroll            ||     4
  Eat: Chunk             ||     1
Armor: Scale mail        ||    63
Dodge: Dodged            ||    50
Block: Shield            ||    67

Table legend:
 A = Spawn XP
 B = Non-spawn XP
 C = Spawn XP percentage of total XP
 D = Spawn monster count
 E = Non-spawn monster count
 F = Spawn count percentage of total count
 G = Total turns spent on level
                    A         B        C        D         E        F      G
               +---------+---------+-------+---------+---------+-------+---------
         Total |       0 |      76 |   0.0 |       0 |      38 |   0.0 |  1058
               +---------+---------+-------+---------+---------+-------+---------
           D:1 |       0 |      59 |   0.0 |       0 |      35 |   0.0 |   733
           D:2 |       0 |      17 |   0.0 |       0 |       3 |   0.0 |   325
               +---------+---------+-------+---------+---------+-------+---------
